Map: Kairos Junction LE

Players

DemonSlayer

  • Race: Protoss Protoss
  • League: Gold
  • Spawn Location: 11:00

Mesrob - Winner!

  • Race: Terran Terran
  • League: Gold
  • Spawn Location: 5:00

VOD

Have the link to the VOD?

Description

Time

  • Played on: Jan. 14, 2019, 5:58 p.m.
  • Length: 5:51
Show
View Real Time Build Order
Export as new Build Order

DemonSlayer Protoss 

Build Orders:  

Get SALT Encoding   

  12  0:00  Probe  
  13  0:12  Probe  
  14  0:18  Pylon  
  14  0:24  Probe  
  15  0:32  Probe  
  15  0:40  Probe, Gateway  
  17  0:50  Assimilator  
  17  0:51  Probe  
  18  1:03  Probe  
  19  1:05  Gateway  
  19  1:15  Probe  
  20  1:27  Probe  
  20  1:32  Cybernetics Core  
  21  1:36  Pylon  
  21  1:39  Probe  
  22  1:47  Pylon  
  22  1:51  Probe  
  23  2:03  Probe  
  24  2:08  Stalker  
  24  2:09  Stalker  
  28  2:16  Warp Gate  
  28  2:22  Assimilator  
  28  2:23  Probe  
  28  2:27  Gateway  
  29  2:33  Shield Battery  
  29  2:37  Shield Battery  
  29  2:39  Probe  
  30  2:49  Stalker  
  30  2:50  Stalker  
  34  3:15  Stalker  
  34  3:19  Pylon  
  36  3:31  Probe  
  37  3:48  Forge  
  37  4:14  Stalker x2  
  37  4:15  Stalker  
  39  4:25  Gateway  
  39  4:27  Gateway  
  39  4:34  Nexus  
  39  4:36  Pylon  
  39  4:38  Stalker x2  
  41  4:42  Stalker  
  39  5:06  Probe  
  40  5:11  Stalker x2  
  44  5:18  Probe  
  45  5:23  Zealot x2  
Show
View Real Time Build Order
Export as new Build Order

Mesrob Terran - Winner!

Build Orders: Mech 

Get SALT Encoding   

  12  0:00  SCV  
  13  0:13  SCV  
  14  0:22  Supply Depot  
  14  0:25  SCV  
  15  0:43  SCV  
  15  0:45  Barracks  
  16  0:54  Refinery  
  16  0:55  SCV  
  17  1:07  SCV  
  18  1:19  SCV  
  19  1:35  Orbital Command  
  19  1:42  Marine, Command Center  
  20  1:57  Bunker  
  20  2:04  SCV  
  21  2:16  Factory, SCV  
  22  2:23  Engineering Bay  
  22  2:29  SCV  
  23  2:38  Refinery, Barracks Tech Lab  
  23  2:53  SCV  
  23  2:55  Supply Depot  
  24  3:02  Supply Depot  
  24  3:05  SCV  
  25  3:18  Engineering Bay  
  25  3:23  Siege Tank  
  25  3:24  Supply Depot  
  28  3:28  Orbital Command  
  28  3:33  Marine  
  29  3:38  SCV  
  30  3:50  SCV  
  31  3:56  Missile Turret  
  31  4:02  Marine, SCV  
  33  4:04  Siege Tank  
  36  4:11  Refinery  
  36  4:14  SCV  
  36  4:17  Supply Depot, Missile Turret  
  37  4:23  Marine  
  38  4:32  SCV  
  38  4:33  Supply Depot  
  38  4:35  SCV  
  38  4:36  Siege Tank  
  43  4:44  Missile Turret  
  43  4:54  Supply Depot  
  43  4:57  Supply Depot  
  43  5:05  Missile Turret  
  43  5:08  Siege Tank  
  43  5:10  Factory  
  43  5:14  Factory  
  46  5:21  Supply Depot  
  46  5:29  Armory  
Tags
 
Composition
Mech
League
GoldGold
Matchup
PvT
Replay Pack
sc2 replays
Spawn Locations
Cross Positions
Add a new tag
Caveats
  • Supply blocks, unpowered buildings, or Contaminate may cause inaccurate times.
  • Supply counts are checked every 10 seconds.